 Dungeon Crawl Stone Soup version 0.32-a0-675-gdc239d62e1 (webtiles) character file.

Game seed: 7113901050793419999

4964 Fodor the Cleaver (level 10, -7/88 HPs)
             Began as a Minotaur Fighter on Mar 11, 2024.
             Was an Initiate of Gozag.
             Killed from afar by gimp's ghost (20 damage)
             ... with a stone arrow
             ... on level 8 of the Dungeon.
             The game lasted 00:28:02 (8700 turns).

Fodor the Cleaver (Minotaur Fighter)                Turns: 8700, Time: 00:28:03

Health: -7/88      AC: 14    Str: 24    XL:     10   Next: 28%
Magic:  0/9        EV: 13    Int: 11    God:    Gozag
Gold:   379        SH:  0    Dex: 17    Spells: 9/9 levels left

rFire   + . .        F - +9 lance "Wyrmbane" {slay drac, rPois rF+ rC+ AC+3}
rCold   + . .        (no shield)
rNeg    . . .        H - +0 steam dragon scales
rPois   +            (helmet restricted)
rElec   .            k - +0 cloak
rCorr   .            i - +0 pair of gloves
SInv    .            J - +0 pair of boots
Will    .....        s - amulet of guardian spirit
Stlth   ++           n - +6 ring of intelligence
HPRegen 0.34/turn    u - +6 ring of dexterity
MPRegen 0.11/turn

%: guardian spirit
@: gold aura
A: horns 2, retaliatory headbutt
a: Renounce Religion, Potion Petition, Call Merchant, Bribe Branch


You were on level 8 of the Dungeon.
You worshipped Gozag.
Gozag was aware of your devotion.
You visited 2 branches of the dungeon, and saw 9 of its levels.
You also visited: Sewer and Bailey.

You collected 764 gold pieces.
You spent 247 gold pieces at shops.
You paid 138 gold pieces to Gozag.

Inventory:

Hand Weapons
 a - a +0 war axe
 F - the +9 lance "Wyrmbane" (weapon) {slay drac, rPois rF+ rC+ AC+3}
   (You took it off Maggie on level 8 of the Dungeon)

   AC+3:      It affects your AC (+3).
   rF+:       It protects you from fire.
   rC+:       It protects you from cold.
   rPois:     It protects you from poison.
 G - a +0 arbalest
Armour
 b - a +0 chain mail
 c - a +0 buckler
 i - a +0 pair of gloves (worn)
 k - a +0 cloak (worn)
 H - +0 steam dragon scales (worn)
 J - a +0 pair of boots (worn)
Jewellery
 n - a +6 ring of intelligence (left hand)
 s - an amulet of guardian spirit (around neck)
 u - a +6 ring of dexterity (right hand)
 E - an amulet of reflection
Talismans
 e - a serpent talisman
 r - a flux talisman
Wands
 d - a wand of warping (10)
 B - a wand of mindburst (14)
Scrolls
 g - 2 scrolls of enchant weapon
 h - 2 scrolls of noise
 o - 2 scrolls of fear
 p - 4 scrolls of fog
 t - 3 scrolls of revelation
 v - 2 scrolls of poison
 w - a scroll of torment
 x - a scroll of vulnerability
 y - a scroll of amnesia {unknown}
 z - a scroll of silence
 C - a scroll of brand weapon
 D - 3 scrolls of teleportation
Potions
 f - 3 potions of mutation
 j - 4 potions of brilliance {unknown}
 l - 3 potions of heal wounds {unknown}
 m - 2 potions of enlightenment {unknown}
 q - 2 potions of cancellation {unknown}
 A - a potion of attraction {unknown}
 I - a potion of might


   Skills:
 + Level 8.1 Fighting
 + Level 11.9 Axes
 + Level 1.3(7.7) Polearms
 + Level 4.9 Ranged Weapons
 + Level 8.9 Armour
 + Level 2.6 Dodging
 + Level 1.6 Stealth
 + Level 6.1 Shields


You had 9 spell levels left.
You didn't know any spells.
Your spell library contained the following spells:

 Spells                   Type           Power      Damage    Failure   Level
 Blink                    Tloc           0%         N/A       47%         2
 Lesser Beckoning         Tloc           0%         N/A       47%         2
 Momentum Strike          Conj/Tloc      0%         3d8       47%         2
 Dazzling Flash           Conj/Hex       0%         N/A       71%         3
 Gell's Gravitas          Tloc           0%         N/A       71%         3
 Mephitic Cloud           Conj/Alch/Air  0%         N/A       71%         3
 Teleport Other           Tloc           0%         N/A       71%         3
 Curse of Agony           Necr           0%         N/A       100%        5
 Silence                  Hex/Air        0%         N/A       100%        5
 Dispersal                Tloc           0%         N/A       100%        6


Dungeon Overview and Level Annotations

Branches:
Dungeon (8/15)             Temple (1/1) D:6           Sewer (visited)
 Bailey (visited)
   Lair: D:8-11

Altars:
Ashenzari
Cheibriados
Dithmenos
Elyvilon
Fedhas
Gozag
Hepliaklqana
Kikubaaqudgha
Makhleb
Nemelex Xobeh
Okawaru
Qazlal
Ru
Trog
Vehumet
Wu Jian
Xom
Zin
The Shining One

Shops:
D:4 [   D:6 ?   D:8 =

Annotations:
D:8 1 transporter, gimp's ghost, novice KoEE


Innate Abilities, Weirdness & Mutations

You have a pair of horns on your head.
You reflexively headbutt those who attack you in melee.


Message History

The moth of wrath's fur bristles in rage as it notices you.
Gimp's ghost turns its malevolent gaze towards you.
The two-headed ogre shouts in stereo!
The gnoll sergeant shouts!
You feel an overwhelming desire to slay dragons!
F - the +9 lance "Wyrmbane" (weapon)
{slay drac, rPois rF+ rC+ AC+3} The moth of wrath goads the gnoll sergeant on!
The gnoll sergeant goes berserk!
You puncture the gnoll sergeant!
The gnoll sergeant is heavily wounded.
Gimp's ghost shouts, "I have seen your future, and it is all used up."
The gnoll sergeant blocks your attack.
Your headbutt misses the gnoll sergeant.
The gnoll sergeant is heavily wounded.
The gnoll sergeant hits you but does no damage.
The gnoll sergeant blocks your attack. x2
The gnoll sergeant is heavily wounded.
The gnoll sergeant hits you but does no damage. x2
The gnoll sergeant hits you with a +2 trident of flaming.
The gnoll sergeant burns you.
You puncture the gnoll sergeant!
You kill the gnoll sergeant!
The moth of wrath goads the two-headed ogre on!
The two-headed ogre goes berserk!
The gnoll sergeant hits you with a +0 flail.
Your life force feels restored.
You hit gimp's ghost but do no damage.
The two-headed ogre rages.
Gimp's ghost barely misses you. You furiously retaliate!
You headbutt gimp's ghost! You closely miss gimp's ghost.
Gimp's ghost is moderately damaged.
The two-headed ogre hits you with a +0 heavy giant spiked club!!!
Ouch! That really hurt!
* * * LOW HITPOINT WARNING * * *
The two-headed ogre closely misses you.
The gnoll sergeant hits you but does no damage.
Gimp's ghost gestures at you while chanting.
The stone arrow hits you!!
You die...
Your body crumbles into a pile of gold.

####..#+#####
............#
###'##......#
)...........#
............########
............##.....###
≈≈≈≈≈...........©....###
∩.............#####....##
≈≈≈≈≈#......###$@W###...#
.....#.....####.yO..##..##
##...#.....#..##g.g..#...#
#...###..##..#≈.....##..#
#...# #..#...#.......#..#
#...# #..#©...._.##..#..#
#...# #..#..##!).≈#..#..#
##...# #..##.#≈#.######..#
.'..(# #...####.....##...#


You could see a two-headed ogre (berserk), a moth of wrath, 2 gnoll sergeants
and gimp's ghost.

Vanquished Creatures
  A cyclops (D:8)
  Maggie (D:8)
  A komodo dragon (D:7)
  Grinder (D:5)
  A wyvern (D:7)
  A basilisk (D:7)
  Grum (D:8)
  Edmund (D:4)
  2 water moccasins (D:8)
  An ice beast (D:5)
  4 orc warriors
  4 sky beasts (D:7)
  4 wolves (D:8)
  2 ogres
  A centaur (D:8)
  A bullfrog (D:8)
  A gnoll sergeant (D:8)
  2 scorpions
  5 wights (D:8)
  A killer bee (D:7)
  4 howler monkeys
  An electric eel (D:8)
  4 bombardier beetles
  A hound (D:5)
  3 jellies
  3 orc priests
  A gnoll bouda (D:7)
  3 iguanas
  A sleepcap (D:4)
  8 orc wizards
  A hell rat (Sewer)
  4 gnolls (D:7)
  5 adders
  4 river rats (Sewer)
  2 white imps
  An ufetubus (D:7)
  6 ribbon worms
  4 dart slugs
  33 orcs
  12 endoplasms
  5 giant cockroaches
  7 goblins
  8 hobgoblins
  5 quokkas
  4 ball pythons
  5 bats
  6 frilled lizards
  8 kobolds
  14 rats
  2 butterflies (D:6)
201 creatures vanquished.

Notes
Turn   | Place    | Note
-------+----------+-------------------------------------------
     0 | D:1      | Fodor the Minotaur Fighter began the quest for the Orb.
     0 | D:1      | Reached XP level 1. HP: 19/19 MP: 0/0
   200 | D:1      | Found a faded altar of an unknown god.
   259 | D:1      | Reached XP level 2. HP: 27/27 MP: 1/1
   536 | D:1      | Reached skill level 3 in Axes
   823 | D:2      | Reached XP level 3. HP: 33/33 MP: 2/2
  1282 | D:3      | Reached XP level 4. HP: 39/40 MP: 3/3
  1283 | D:3      | Reached skill level 4 in Axes
  1537 | D:3      | Reached XP level 5. HP: 47/47 MP: 4/4
  2021 | D:4      | Reached skill level 1 in Dodging
  2093 | D:4      | Found Niera's Antique Armour Shoppe.
  2188 | D:4      | Reached skill level 5 in Axes
  2344 | D:4      | Found a hazy altar of Hepliaklqana.
  2469 | D:4      | Reached XP level 6. HP: 53/53 MP: 5/5
  2480 | D:4      | Noticed Edmund
  2487 | D:4      | Killed Edmund
  2488 | D:4      | Reached skill level 5 in Armour
  2624 | D:4      | Reached skill level 5 in Fighting
  2624 | D:4      | Reached skill level 6 in Axes
  3025 | D:5      | Entered Level 5 of the Dungeon
  3050 | D:5      | Reached XP level 7. HP: 61/61 MP: 6/6
  3355 | D:5      | Reached skill level 7 in Axes
  3515 | D:5      | Noticed Grinder
  3535 | D:5      | Paralysed by Grinder for 2 turns
  3538 | D:5      | Killed Grinder
  3539 | D:5      | Reached skill level 8 in Axes
  3619 | D:5      | Found a glowing drain.
  3634 | Sewer    | Entered a sewer
  3638 | Sewer    | Reached XP level 8. HP: 70/70 MP: 7/7
  4250 | D:6      | Found a staircase to the Ecumenical Temple.
  4256 | Temple   | Entered the Ecumenical Temple
  4344 | D:6      | Found Enwiahil's Magic Scroll Emporium.
  4357 | D:6      | Bought a scroll of identify for 22 gold pieces
  4706 | D:6      | Found an opulent altar of Gozag.
  4842 | D:6      | Reached skill level 9 in Axes
  4868 | D:6      | Reached skill level 5 in Shields
  5192 | D:7      | Found an iron altar of Okawaru.
  5299 | D:7      | Reached skill level 10 in Axes
  5378 | D:7      | Reached XP level 9. HP: 78/78 MP: 8/8
  5405 | D:7      | Reached skill level 1 in Stealth
  5628 | D:7      | Noticed a komodo dragon
  5640 | D:7      | Killed a komodo dragon
  5804 | D:7      | HP: 3/79 [wyvern (10)]
  6187 | D:6      | Found a broken altar of Ashenzari.
  6187 | D:6      | Found a blossoming altar of Fedhas.
  6198 | D:6      | Became a worshipper of Gozag Ym Sagoz the Greedy
  6432 | D:6      | Bought a scroll of identify for 22 gold pieces
  6432 | D:6      | Bought a scroll of brand weapon for 104 gold pieces
  6432 | D:6      | Bought a scroll of teleportation for 33 gold pieces
  6432 | D:6      | Bought a scroll of teleportation for 33 gold pieces
  6432 | D:6      | Bought a scroll of teleportation for 33 gold pieces
  6563 | D:8      | Found a white marble altar of Elyvilon.
  6578 | D:8      | Reached skill level 11 in Axes
  6614 | D:8      | Found a flagged portal.
  6639 | D:8      | Found a snail-covered altar of Cheibriados.
  6674 | Bailey   | Entered a bailey
  6935 | Bailey   | Reached skill level 1 in Ranged Weapons
  7334 | D:8      | Found Koorhi's Jewellery Shoppe.
  7341 | D:8      | Noticed a cyclops
  7349 | D:8      | Killed a cyclops
  7354 | D:8      | Found a transporter.
  7409 | D:8      | Noticed Maggie
  7431 | D:8      | Killed Maggie
  7432 | D:8      | Reached XP level 10. HP: 24/88 MP: 3/9
  7626 | D:8      | Noticed gimp's ghost (novice KoEE)
  7627 | D:8      | Noticed a two-headed ogre
  7628 | D:8      | Found a bloodstained altar of Trog.
  7668 | D:8      | Found a transporter.
  7671 | D:8      | Noticed a moth of wrath
  7749 | D:8      | Noticed Grum
  7763 | D:8      | Killed Grum
  8067 | D:8      | Reached skill level 1 in Polearms
  8700 | D:8      | Killed from afar by gimp's ghost

Illustrated notes

Levels and vault maps discovered:
D:1:      evilmike_arrival_fibonacci_small, layout_basic,
          basic_ecumenical_altar, dk_noncrumbling_3, kennysheep_doodads
D:2:      layout_rooms
D:3:      layout_basic
D:4:      layout_basic, mainiacjoe_overflow_six_doors_small, serial_shops, shop,
          uniq_edmund
D:5:      layout_loops_ring, portal_sewer_entry_f,
          chequers_serial_rivers_room_a, grunt_decor_junction, uniq_grinder
D:6:      layout_loops_ring, nicolae_overflow_hidden_temple,
          minmay_temple_entry_butterflies, serial_shops, shop_scrolls,
          hangedman_decor_opposing, corexii_checkpoint,
          wad_floor_pattern_untrapped
D:7:      minmay_opposing_rooms, layout_basic, okawaru_metal_pillars_1_2
D:8:      layout_basic, cheibrodos_worm_habitat, nicolae_elyvilon_temple_path,
          gammafunk_ghost_wrathful_warriors, serial_shops,
          nicolae_shop_peninsula, enter_bailey_6, uniq_maggie, uniq_grum
Temple:   nicolae_temple_x_marks_the_god

Skill      XL: |  1  2  3  4  5  6  7  8  9 10 |
---------------+-------------------------------+-----
Fighting       | 4 5 6 7 8 |  8.1
Shields        | 4 5 6 |  6.1
Axes           | 3 4 5 6 8 10 11 | 11.9
Armour         | 4 5 6 7 8 |  8.9
Dodging        | 1 2 |  2.6
Stealth        | 1 |  1.6
Ranged Weapons | 3 4 |  4.9
Polearms       | 1 |  1.3

Action                     |  1- 3 |  4- 6 |  7- 9 | 10-12 || total
---------------------------+-------+-------+-------+-------++-------
  Melee: War axe           |    88 |   106 |   263 |       ||   457
         Headbutt          |     8 |    14 |    59 |     5 ||    86
         Lance             |       |       |       |    25 ||    25
   Fire: Arbalest          |       |       |    35 |    32 ||    67
    Use: Scroll            |       |       |    13 |       ||    13
         Potion            |       |       |     7 |       ||     7
 Armour: Scale mail        |    63 |    21 |       |       ||    84
         Chain mail        |       |    41 |   245 |       ||   286
         Steam dragon scal |       |       |       |    49 ||    49
  Dodge: Dodged            |    51 |    32 |   121 |    28 ||   232
  Block: Buckler           |    20 |    12 |    67 |       ||    99

Table legend: (Time is in decaauts)
 A = Elapsed time spent in this place.
 B = Non-inter-level travel time spent in this place.
 C = Inter-level travel time spent in this place.
 D = Time resting spent in this place.
 E = Time spent auto-exploring this place.
 F = Levels seen in this place.
 G = Mean time per level.
                   A        B        C        D        E       F      G
               +--------+--------+--------+--------+--------+-----+--------+
         Total |   8851 |   8582 |    269 |    249 |   5786 |  11 |  804.6 |
       Dungeon |   8191 |   7922 |    269 |    249 |   5396 |   8 | 1023.9 |
        Temple |     38 |     38 |      0 |      0 |      0 |   1 |   38.0 |
         Sewer |    117 |    117 |      0 |      0 |     31 |   1 |  117.0 |
        Bailey |    504 |    504 |      0 |      0 |    358 |   1 |  504.0 |
               +--------+--------+--------+--------+--------+-----+--------+

Top non-repeatable levels by time:
     D:8: 1743 daAuts
     D:7: 1231 daAuts
     D:6: 1097 daAuts
     D:5: 1031 daAuts
     D:4: 1023 daAuts
     D:1: 840 daAuts
     D:3: 754 daAuts
  Bailey: 504 daAuts
     D:2: 467 daAuts
   Sewer: 117 daAuts
  Temple: 38 daAuts
